 Dungeon Crawl Stone Soup version 0.29.0-13-gc9e81de378 (webtiles) character file.

Game seed: 16372967907449091685

2 Ofeo the Digger (level 1, 14/14 HPs)
             Began as a Meteoran Earth Elementalist on Sept 10, 2022.
             Quit the game on level 1 of the Dungeon.
             The game lasted 00:00:41 (147 turns).

Ofeo the Digger (Meteoran Earth Elementalist)        Turns: 147, Time: 00:00:41

Health: 14/14      AC:  2    Str:  9    XL:     1   Next: 42%
Magic:  5/5        EV: 12    Int: 16    God:
Gold:   7          SH:  0    Dex: 14    Spells: 4/5 levels left

rFire   . . .      SeeInvis .   (no weapon)
rCold   . . .      Faith    .   (no shield)
rNeg    . . .      Spirit   .   a - +0 robe
rPois   .          Reflect  .   (no helmet)
rElec   .          Harm     .   (no cloak)
rCorr   .          Rampage  .   (no gloves)
Will    .....                   (no boots)
Stlth   +.........              (no amulet)
HPRegen 0.04/turn               (no ring)
MPRegen 0.09/turn               (no ring)

@: glowing
A: sense surroundings 1, otherworldly, glowing, explore regen
a: no special abilities


You were on level 1 of the Dungeon.
You visited 1 branch of the dungeon, and saw 1 of its levels.

You collected 7 gold pieces.

Inventory:

Armour
 a - a +0 robe (worn)
Scrolls
 d - a scroll of identify {unknown}
Potions
 b - a potion of magic
 c - a potion of haste {unknown}


   Skills:
 + Level 2.4 Dodging
 + Level 1.4 Stealth
 + Level 2.7 Spellcasting
 + Level 1.3 Transmutations
 + Level 3.6 Earth Magic


You had 4 spell levels left.
You knew the following spells:

 Your Spells              Type           Power      Damage    Failure   Level
a - Sandblast             Erth           26%        2d8       4%          1

Your spell library contained the following spells:

 Spells                   Type           Power      Damage    Failure   Level
 Passwall                 Tmut/Erth      8%         N/A       11%         2
 Stone Arrow              Conj/Erth      16%        3d8       26%         3
 Petrify                  Tmut/Erth      10%        N/A       56%         4


Dungeon Overview and Level Annotations

Branches:
Dungeon (1/15) Zot: 451

Altars:


Innate Abilities, Weirdness & Mutations

You passively map a small area around you.
You are easily found by Zot.
You glow in the dark.
You regain HP and MP as you explore.


Message History

Found 7 gold pieces.
You now have 7 gold pieces.
Found 6 stones.
You see here 6 stones.
You open the door.
There is an open door here.
A hobgoblin comes into view.
The hobgoblin shouts!
Casting: Sandblast (safe; 4% risk of failure)
Confirm with . or Enter, or press ? or * to list all spells.
The blast of sand hits the hobgoblin.
The hobgoblin is severely wounded.
The hobgoblin hits you.
You take 3 damage, and have 11/14 hp.
MASSIVE DAMAGE!!
You now have 4/5 mp.
Casting: Sandblast (safe; 4% risk of failure)
Confirm with . or Enter, or press ? or * to list all spells.
The blast of sand hits the hobgoblin!
You kill the hobgoblin!
You now have 3/5 mp.
You see here a hobgoblin corpse.
MP restored: 5 You open the door.
There is an open door here.
Found a golden potion.
c - a golden potion
Found a scroll labelled VIHY PYHEL.
Health restored: 14
d - a scroll labelled VIHY PYHEL A bat comes into view.
You barely miss the bat. The bat misses you. The bat closely misses you.
Casting: Sandblast (safe; 4% risk of failure)
Confirm with . or Enter, or press ? or * to list all spells.
The blast of sand hits the bat!
You kill the bat!
You now have 4/5 mp.
No target in view!
MP restored: 5 Are you sure you want to abandon this character and quit the game? (Confirm with "yes".)

* , #.# #.....
***#'#####.....
#....##..... *
#....##..... , ,
#....##.#### * *
#....##.#### *
#.#####..... #####
#.# ###### #@..#
#.######.### #.#.#
#........##. #.# #
########.##. #.#
#.......##. #.#
#.#####.##.
#.######.#####.##.
#.#...#.....#..###
#.#.#.##.##.##.###
#.#.#.#.†##.##....


There were no monsters in sight!

Vanquished Creatures
  A hobgoblin (D:1)
  A bat (D:1)
2 creatures vanquished.

Notes
Turn   | Place    | Note
-------+----------+-------------------------------------------
     0 | D:1      | Ofeo the Meteoran Earth Elementalist began the quest for
                  | the Orb.
     0 | D:1      | Reached XP level 1. HP: 14/14 MP: 5/5
   147 | D:1      | Quit the game

Illustrated notes

Levels and vault maps discovered:
D:1:      dpeg_arrival_rooms_a, layout_basic, ebering_ecumenical_altar_rust,
          roderic_serpentine_path

Action                   || total
-------------------------++-------
Melee: Unarmed           ||     1
 Cast: Sandblast         ||     3
Dodge: Dodged            ||     2
